 Dungeon Crawl Stone Soup version 0.27-a0-1301-g128193abf8 (webtiles) character file.

Game seed: 11258804547782184609

665 Gwenloh the Cleaver (level 7, -15/57 HPs)
             Began as a Minotaur Fighter on June 17, 2021.
             Was an Initiate of Uskayaw.
             Demolished by a two-headed ogre (19 damage)
             ... on level 5 of the Dungeon.
             The game lasted 00:11:44 (5750 turns).

Gwenloh the Cleaver (Minotaur Fighter)              Turns: 5750, Time: 00:11:45

Health: -15/57     AC:  9    Str: 20    XL:     7   Next: 31%
Magic:  3/6        EV:  7    Int:  5    God:    Uskayaw [......]
Gold:   307        SH:  9    Dex: 12    Spells: 6/6 levels left

rFire    + . .     SeeInvis .   a - +0 war axe (elec)
rCold    . . .     Faith    +   c - +0 kite shield
rNeg     . . .     Spirit   .   b - +0 scale mail
rPois    +         Reflect  .   (helmet restricted)
rElec    .         Harm     .   (no cloak)
rCorr    .         Rampage  .   B - +0 pair of gloves
Will     .....                  u - +0 pair of boots
Stlth    +.........             o - amulet of faith
HPRegen  0.19/turn              w - ring "Ubutror" {rPois rF+ Stlth+}
MPRegen  0.10/turn              (no ring)

@: no status effects
A: horns 2, retaliatory headbutt
a: Renounce Religion


You were on level 5 of the Dungeon.
You worshipped Uskayaw.
Uskayaw was noncommittal.
You visited 2 branches of the dungeon, and saw 6 of its levels.
You visited the Abyss 1 time.

You collected 307 gold pieces.

Inventory:

Hand Weapons
 a - a +0 war axe of electrocution (weapon)
 v - a +0 battleaxe
 x - a +0 flail
Missiles
 k - 116 stones
 n - 5 javelins
 r - 38 bolts
 t - 2 atropa-tipped darts (quivered)
 A - 9 poisoned darts
 E - 22 sling bullets
Armour
 b - a +0 scale mail (worn)
 c - a +0 kite shield (worn)
 u - a +0 pair of boots (worn)
 B - a +0 pair of gloves (worn)
 F - a +0 buckler
Jewellery
 o - an amulet of faith (around neck)
 w - the ring "Ubutror" (left hand) {rPois rF+ Stlth+}
   (You found it on level 4 of the Dungeon)

   [ring of protection from fire]

   It protects you from fire.
   It protects you from poison.
   It makes you more stealthy.
 N - an amulet of the acrobat
Wands
 D - a wand of charming (6)
 H - a wand of paralysis (8)
 J - a wand of acid (8)
Scrolls
 h - 2 scrolls of enchant armour {unknown}
 i - 3 scrolls of immolation {unknown}
 j - 2 scrolls of amnesia {unknown}
 m - 3 scrolls of identify {unknown}
 p - a scroll of vulnerability {unknown}
 s - a scroll of brand weapon {unknown}
 y - a scroll of blinking {unknown}
 C - a scroll of magic mapping {unknown}
 I - a scroll of acquirement {unknown}
 K - a scroll of fog {unknown}
 M - a scroll of enchant weapon {unknown}
Potions
 d - a potion of might
 e - a potion of ambrosia {unknown}
 f - 2 potions of mutation {unknown}
 g - 3 potions of curing {unknown}
 l - a potion of brilliance {unknown}
 q - 2 potions of degeneration {unknown}
 z - a potion of lignification {unknown}
 G - a potion of magic {unknown}
 L - a potion of flight {unknown}


   Skills:
 - Level 3.6 Fighting
 + Level 9.9 Axes
 - Level 3.6 Armour
 - Level 3.6 Shields


You had 6 spell levels left.
You didn't know any spells.
Your spell library contained the following spells:

 Spells                   Type           Power      Damage    Failure   Level
 Shock                    Conj/Air       0%         1d3       100%        1
 Passwall                 Tmut/Erth      0%         N/A       100%        2
 Static Discharge         Conj/Air       0%         N/A       100%        2
 Swiftness                Air            0%         N/A       100%        3
 Airstrike                Air            0%         N/A       100%        4
 Passage of Golubria      Tloc           N/A        N/A       100%        4
 Lee's Rapid Deconstruct  Erth           0%         3d5*      100%        5
 Lightning Bolt           Conj/Air       0%         1d11      100%        5
 Invisibility             Hex            0%         N/A       100%        6


Dungeon Overview and Level Annotations

Branches:
Dungeon (5/15)             Temple (1/1) D:4

Altars:
Cheibriados
Fedhas
Gozag
Hepliaklqana
Makhleb
Nemelex Xobeh
Sif Muna
Trog
Uskayaw
Vehumet
Xom
Yredelemnul
The Shining One


Innate Abilities, Weirdness & Mutations

You have a pair of horns on your head.
You reflexively headbutt those who attack you in melee.


Message History

The two-headed ogre hits you with a +0 giant club!
The two-headed ogre closely misses you.
You hit the two-headed ogre but do no damage.
Lightning courses through the two-headed ogre!!
Your headbutt misses the two-headed ogre.
The two-headed ogre is heavily wounded.
The two-headed ogre hits you with a +0 giant club.
* * * LOW HITPOINT WARNING * * *
The two-headed ogre barely misses you.
You can now pass through a line of other dancers.
Unknown command.
Okay, then.
You can no longer pass through a line of other dancers.
Throw: 4 darts (atropa)
Press: ? - help, Q - select action, (/) - cycle Shift-Dir - straight line, f/p - two-headed ogre
Aim: a two-headed ogre, wielding two +0 giant clubs (moderately wounded, 73% to hit, chance to blind on hit: 3%)
You throw an atropa-tipped dart.
The atropa-tipped dart barely misses the two-headed ogre.
The two-headed ogre hits you with a +0 giant club!
* * * LOW HITPOINT WARNING * * *
You block the two-headed ogre's attack.
Throw: 3 darts (atropa)
Press: ? - help, Q - select action, (/) - cycle Shift-Dir - straight line, f/p - two-headed ogre
Aim: a two-headed ogre, wielding two +0 giant clubs (moderately wounded, 73% to hit, chance to blind on hit: 3%)
You throw an atropa-tipped dart.
The atropa-tipped dart hits the two-headed ogre.
The two-headed ogre resists.
The two-headed ogre is moderately wounded.
The two-headed ogre barely misses you. You furiously retaliate!
You headbutt the two-headed ogre. The two-headed ogre barely misses you.
You stomp with the beat, sending a shockwave through the revellers around you!
The two-headed ogre is heavily wounded.
You can no longer stomp with the beat.
Unknown command.
You hit the two-headed ogre.
You headbutt the two-headed ogre, but do no damage.
The two-headed ogre is heavily wounded.
The two-headed ogre barely misses you.
The two-headed ogre hits you with a +0 giant club!!
You die...

.#.##....#.......##...## ####
..<##............##....# ##..##
....................##.###....##
#..####...#####.........##.....#
#.....##...###......#....#.....#
#..##.##...##......##.........##
...................##........##
...........###..O...).........#
............##..@.....).......#
......................)..###..#
.#.....................##.#####
.##.............#...........#
#.............#......#.....#
......................###.###
.....#..........†......# .#
.[................#...#####
...#.....................#


You could see a two-headed ogre.

Vanquished Creatures
  A small abomination (D:5)
  Sigmund (D:2)
  A hound (D:5)
  2 orc priests (D:4)
  Jessica (D:3)
  An orc wizard (D:5)
  A howler monkey skeleton (D:5)
  3 gnolls (D:2)
  6 adders
  A worm (D:4)
  5 dart slugs
  6 orcs
  9 endoplasms
  2 giant cockroaches (D:2)
  2 goblins
  9 hobgoblins
  8 jackals
  5 kobolds
  10 quokkas
  8 ball pythons
  5 bats
  3 frilled lizards (D:2)
  4 rats
94 creatures vanquished.

Vanquished Creatures (others)
  A fungus (D:1)
1 creature vanquished.

Grand Total: 95 creatures vanquished

Notes
Turn   | Place    | Note
-------+----------+-------------------------------------------
     0 | D:1      | Gwenloh the Minotaur Fighter began the quest for the Orb.
     0 | D:1      | Reached XP level 1. HP: 19/19 MP: 0/0
   200 | D:1      | Reached skill level 3 in Axes
   263 | D:1      | Reached XP level 2. HP: 26/26 MP: 1/1
   628 | D:1      | Reached skill level 4 in Axes
  1029 | D:1      | Reached XP level 3. HP: 31/31 MP: 2/2
  1162 | D:1      | Found a faded altar of an unknown god.
  1252 | D:2      | Reached skill level 5 in Axes
  1559 | D:2      | Reached XP level 4. HP: 37/39 MP: 3/3
  1867 | D:2      | Reached skill level 6 in Axes
  1970 | D:2      | Noticed Sigmund
  1981 | D:2      | Killed Sigmund
  1982 | D:2      | Reached skill level 7 in Axes
  1982 | D:2      | Reached XP level 5. HP: 45/45 MP: 4/4
  1982 | D:2      | Reached XP level 6. HP: 51/51 MP: 5/5
  2696 | D:3      | Found a shimmering blue altar of Sif Muna.
  2734 | D:3      | Found an opulent altar of Gozag.
  2737 | D:3      | Noticed Jessica
  2743 | D:3      | Killed Jessica
  2744 | D:3      | Reached skill level 8 in Axes
  3000 | D:3      | Found a blossoming altar of Fedhas.
  3301 | D:4      | Identified the ring "Ubutror" {rPois rF+ Stlth+}
  3679 | D:4      | Found a sparkling altar of Nemelex Xobeh.
  4244 | D:4      | Found a staircase to the Ecumenical Temple.
  4250 | Temple   | Entered the Ecumenical Temple
  4534 | Temple   | Became a worshipper of Uskayaw the Reveller
  4759 | D:4      | Reached * piety under Uskayaw
  4906 | D:5      | Entered Level 5 of the Dungeon
  4949 | D:5      | Cast into level 1 of the Abyss (orc wizard)
  4971 | Abyss:1  | Noticed a small abomination
  4975 | D:5      | Escaped the Abyss
  5363 | D:5      | Reached ** piety under Uskayaw
  5365 | D:5      | Killed a small abomination
  5365 | D:5      | Reached *** piety under Uskayaw
  5366 | D:5      | Reached skill level 9 in Axes
  5366 | D:5      | Reached XP level 7. HP: 20/57 MP: 6/6
  5734 | D:5      | Noticed a two-headed ogre
  5750 | D:5      | Demolished by a two-headed ogre

Illustrated notes

Levels and vault maps discovered:
D:1:      wheals_arrival_shading, layout_loops_corners,
          shapermc_ecumenical_altar_mp_urbaneastern, chequers_avenue,
          minmay_misc_feat_secret_circle, minmay_indecisive_spiral
D:2:      layout_loops_ring, uniq_sigmund
D:3:      layout_basic, grunt_gozag_statues, lemuel_tele_altar,
          marbit_many_paths, minmay_strange_pillars, minmay_close_crescents,
          uniq_jessica
D:4:      layout_basic, lemuel_round_altar, minmay_temple_entry_enclosed_plants
D:5:      layout_cave_pools, chequers_temple_overflow_minitemple
Temple:   compressed_dpeg_triangle_lava_temple

Skill      XL: |  1  2  3  4  5  6 |
---------------+-------------------+-----
Axes           | 3 4 5 7 9 |  9.9
Fighting       | |  3.6
Armour         | |  3.6
Shields        | |  3.6

Action                   |  1- 3 |  4- 6 |  7- 9 || total
-------------------------+-------+-------+-------++-------
Melee: War axe           |    73 |   111 |    16 ||   200
       Headbutt          |     7 |    15 |     3 ||    25
Throw: Stone             |    32 |    93 |       ||   125
       Dart              |       |       |     5 ||     5
Invok: Stomp             |       |       |     1 ||     1
  Use: Potion            |       |     1 |       ||     1
Armor: Scale mail        |    26 |    36 |     4 ||    66
Dodge: Dodged            |    23 |    32 |     6 ||    61
Block: Kite shield       |    36 |    46 |     9 ||    91

Table legend: (Time is in decaauts)
 A = Elapsed time spent in this place.
 B = Non-inter-level travel time spent in this place.
 C = Inter-level travel time spent in this place.
 D = Time resting spent in this place.
 E = Time spent auto-exploring this place.
 F = Levels seen in this place.
 G = Mean time per level.
                   A        B        C        D        E       F      G
               +--------+--------+--------+--------+--------+-----+--------+
         Total |   5875 |   5539 |    336 |    770 |   3823 |   7 |  839.3 |
       Dungeon |   5546 |   5227 |    319 |    770 |   3554 |   5 | 1109.2 |
        Temple |    302 |    285 |     17 |      0 |    268 |   1 |  302.0 |
         Abyss |     25 |     25 |      0 |      0 |      1 |   1 |   25.0 |
               +--------+--------+--------+--------+--------+-----+--------+

Top non-repeatable levels by time:
     D:4: 1597 daAuts
     D:1: 1497 daAuts
     D:2: 1018 daAuts
     D:3: 871 daAuts
     D:5: 562 daAuts
  Temple: 302 daAuts
 Abyss:1: 25 daAuts
